 Dungeon Sprint DCSS version 0.28.0-43-g3370ac3207 (webtiles) character file.

Game seed: 10541318561494872904

739 boopmooplesden the Carver (level 7, 0/69 HPs)
             Began as a Minotaur Berserker on Mar 10, 2022.
             Was an Elder of Trog.
             Slain by a neqoxec (7 damage)
             ... in the Dungeon (Sprint II: "The Violet Keep of Menkaure").
             The game lasted 00:00:35 (104 turns).

boopmooplesden the Carver (Minotaur Berserker)       Turns: 104, Time: 00:00:35

Health: 0/69       AC:  2    Str: 22    XL:     7   Next: 46%
Magic:  6/6        EV: 14    Int:  4    God:    Trog [****..]
Gold:   486        SH:  0    Dex: 11    Spells: 6/6 levels left

rFire   . . .      SeeInvis .   a - +0 falchion
rCold   . . .      Faith    .   (no shield)
rNeg    . . .      Spirit   .   b - +0 animal skin
rPois   .          Reflect  .   (helmet restricted)
rElec   .          Harm     .   (no cloak)
rCorr   .          Rampage  .   (no gloves)
Will    .....      NoTele   +   (no boots)
Stlth   +.........              (no amulet)
HPRegen 0.21/turn               (no ring)
MPRegen 0.10/turn               (no ring)

@: on berserk cooldown, slowed, lost intelligence, unable to read, very slow
A: horns 2, retaliatory headbutt, hooves 1, frail 1
a: Renounce Religion, Berserk, Trog's Hand, Brothers in Arms


You were in the Dungeon.
You worshipped Trog.
Trog was greatly pleased with you.
You visited 1 branch You collected 486 gold pieces.

Inventory:

Hand Weapons
 a - a +0 falchion (weapon)
Armour
 b - a +0 animal skin (worn)
Scrolls
 h - a scroll of blinking
Potions
 c - a potion of curing
 d - a potion of heal wounds
 e - a potion of haste
 f - 2 potions of magic
 g - a potion of berserk rage


   Skills:
 + Level 12.1 Fighting
 + Level 13.2 Long Blades
 + Level 6.2 Armour
 + Level 7.0 Dodging


You had 6 spell levels left.
You didn't know any spells.
Your spell library was empty.

Dungeon Overview and Level Annotations

Branches:
Dungeon (1/1)

Altars:


Innate Abilities, Weirdness & Mutations

You have a pair of horns on your head.
You reflexively headbutt those who attack you in melee.
You have large cloven feet.
You are frail. (-10% HP)


Message History

You hit the neqoxec.
The neqoxec is lightly wounded.
The neqoxec hits you.
* * * LOW HITPOINT WARNING * * *
You hit the neqoxec but do no damage.
The neqoxec is lightly wounded.
The neqoxec misses you.
You closely miss the neqoxec. You kick the neqoxec.
The neqoxec is lightly wounded.
The neqoxec hits you but does no damage.
You hit the neqoxec but do no damage. Your kick misses the neqoxec.
Your headbutt misses the neqoxec.
The neqoxec is lightly wounded.
The neqoxec gestures at you.
Strange energies course through your body.
You feel frail.
You slash the neqoxec! Your kick misses the neqoxec.
You headbutt the neqoxec, but do no damage.
The neqoxec is heavily wounded.
The neqoxec misses you.
You barely miss the neqoxec. Your kick misses the neqoxec.
The neqoxec is heavily wounded.
You closely miss the neqoxec.
The neqoxec is heavily wounded.
The neqoxec hits you.
* * * LOW HITPOINT WARNING * * *
The neqoxec hits you.
* * * LOW HITPOINT WARNING * * *
You hit the neqoxec but do no damage. Your kick misses the neqoxec.
Your headbutt misses the neqoxec.
The neqoxec is moderately wounded.
You miss the neqoxec.
The neqoxec is moderately wounded.
The neqoxec hits you.
* * * LOW HITPOINT WARNING * * *
The neqoxec closely misses you.
You hit the neqoxec. You kick the neqoxec.
The neqoxec is heavily wounded.
The neqoxec hits you!
You die...

##+#
##..###
#..##.#
##†#.####
##'###.##
##.##†..#
+.<.†##.+
##@##†..#
#3###.##
.$. ###
..##. ###
##


You could see a neqoxec.

Vanquished Creatures
  3 neqoxecs (D)
  4 necrophages (D)
  3 worms (D)
10 creatures vanquished.

Vanquished Creatures (others)
  A water moccasin (D)
1 creature vanquished.

Grand Total: 11 creatures vanquished

Notes
Turn   | Place    | Note
-------+----------+-------------------------------------------
     0 | D        | boopmooplesden the Minotaur Berserker began the quest for
                  | the Orb.
     0 | D        | Reached XP level 1. HP: 19/19 MP: 0/0
     7 | D        | Reached skill level 4 in Long Blades
    12 | D        | Reached ** piety under Trog
    13 | D        | Reached XP level 2. HP: 26/28 MP: 1/1
    23 | D        | Noticed a necrophage
    23 | D        | Noticed a necrophage
    23 | D        | Noticed a necrophage
    23 | D        | Noticed a necrophage
    29 | D        | Killed a necrophage
    30 | D        | Reached skill level 7 in Long Blades
    30 | D        | Reached XP level 3. HP: 39/39 MP: 2/2
    30 | D        | Reached XP level 4. HP: 47/47 MP: 3/3
    33 | D        | Killed a necrophage
    34 | D        | Reached skill level 9 in Long Blades
    34 | D        | Reached XP level 5. HP: 56/56 MP: 4/4
    37 | D        | Killed a necrophage
    37 | D        | Reached *** piety under Trog
    38 | D        | Reached skill level 10 in Long Blades
    38 | D        | Reached skill level 5 in Armour
    38 | D        | Reached skill level 5 in Dodging
    43 | D        | Killed a necrophage
    44 | D        | Reached skill level 10 in Fighting
    44 | D        | Reached skill level 11 in Long Blades
    44 | D        | Reached XP level 6. HP: 66/66 MP: 5/5
    76 | D        | Noticed a neqoxec
    76 | D        | Noticed a neqoxec
    76 | D        | Noticed a neqoxec
    76 | D        | Noticed a neqoxec
    77 | D        | Gained mutation: You have large cloven feet. [a neqoxec]
    78 | D        | Lost intelligence.
    84 | D        | Killed a neqoxec
    85 | D        | Reached skill level 12 in Long Blades
    88 | D        | Killed a neqoxec
    89 | D        | Reached XP level 7. HP: 50/74 MP: 6/6
    93 | D        | Killed a neqoxec
    93 | D        | Reached **** piety under Trog
    94 | D        | Reached skill level 13 in Long Blades
    98 | D        | Gained mutation: You are frail. (-10% HP) [a neqoxec]
   104 | D        | Slain by a neqoxec

Illustrated notes

Levels and vault maps discovered:
D:        the_violet_keep_of_menkaure [sprint2_stairs_cluster_1,
          sprint2_shoproom, sprint2_temple, sprint2_basic_supplies,
          sprint2_obstacle_1, sprint2_obstacle_7, sprint2_obstacle_6,
          sprint2_obstacle_5, sprint2_obstacle_3, sprint2_timed_cluster_1,
          sprint2_smallroom_cluster_1, sprint2_smallroom_final_cluster_1,
          sprint2_transparent_cluster_1, sprint2_second_timed_cluster_1,
          sprint2_sniper_area_1, sprint2_heavy_combat_area_1,
          sprint2_mutation_trap_area_1, sprint2_forest_area_1,
          sprint2_light_combat_area_1, sprint2_behind_water_1,
          sprint2_near_end_vault_1]

Skill      XL: |  1  2  3  4  5  6  7 |
---------------+----------------------+-----
Fighting       | 4 7 8 10 11 12 | 12.1
Long Blades    | 4 7 9 11 12 13 | 13.2
Armour         | 4 5 6 |  6.2
Dodging        | 3 4 5 6 7 |  7.0

Action                   |  1- 3 |  4- 6 |  7- 9 || total
-------------------------+-------+-------+-------++-------
Melee: Falchion          |    12 |    21 |    16 ||    49
       Headbutt          |     3 |     4 |     1 ||     8
       Kick              |       |     2 |     4 ||     6
Invok: Berserk           |     1 |     1 |       ||     2
Armor: Animal skin       |       |     2 |     1 ||     3
Dodge: Dodged            |     4 |     6 |     4 ||    14
